 Dungeon Crawl Stone Soup version 0.28-a0-1389-gc726bef33b (webtiles) character file.

Game seed: 8204395156924711242

6108 Conn the Arsonist (level 10, 0/60 HPs)
             Began as an Octopode Fire Elementalist on Jan 3, 2022.
             Was a Believer of Sif Muna.
             Succumbed to a hornet's poison
             ... on level 9 of the Dungeon.
             The game lasted 00:20:27 (8072 turns).

Conn the Arsonist (Octopode Fire Elementalist)      Turns: 8072, Time: 00:20:28

Health: 0/60       AC:  1    Str: 12    XL:     10   Next: 89%
Magic:  36/40      EV: 15    Int: 28    God:    Sif Muna [**....]
Gold:   396        SH:  0    Dex: 21    Spells: 13/26 levels left

rFire   + . .      SeeInvis .   u - +5 dagger (freeze)
rCold   . . .      Faith    .   (no shield)
rNeg    . . .      Spirit   .   (helmet restricted)
rPois   .          Reflect  .   C - amulet of the acrobat
rElec   .          Harm     .   e - +6 ring of dexterity
rCorr   .          Rampage  .   i - +6 ring of intelligence
Will    .....                   d - ring of flight
Stlth   +++++.....              o - ring of fire
HPRegen 0.20/turn               q - ring "Ypeng" {rC+ MP+9 Str+3 Slay+3}
MPRegen 0.27/turn               E - ring of magical power
                                (no ring)
                                (no ring)

@: lethally poisoned (0 -> -12), flying, slowed, very slow
A: almost no armour, amphibious, 8 rings, camouflage 1, gelatinous body 1,
(nimble swimmer 1), tentacles, agile 1, strong 1
a: Renounce Religion, Channel Magic


You were on level 9 of the Dungeon.
You worshipped Sif Muna.
Sif Muna was pleased with you.
You visited 2 branches of the dungeon, and saw 10 of its levels.

You collected 496 gold pieces.
You spent 100 gold pieces at shops.

Inventory:

Hand Weapons
 b - a +0 dagger
 h - a +4 dagger of draining
 u - a +5 dagger of freezing (weapon)
Missiles
 f - 63 poisoned darts
 v - 5 atropa-tipped darts
 y - a curare-tipped dart
Armour
 p - an orb of wrath
 F - a +0 buckler
Jewellery
 d - a ring of flight (on tentacle)
 e - a +6 ring of dexterity (left tentacle)
 i - a +6 ring of intelligence (right tentacle)
 m - an amulet of regeneration
 o - a ring of fire (on tentacle)
 q - the ring "Ypeng" (on tentacle) {rC+ MP+9 Str+3 Slay+3}
   (You found it on level 4 of the Dungeon)

   [ring of protection from cold]

   Str:       It affects your strength (+3).
   Slay:      It affects your accuracy & damage with ranged weapons and melee
   (+3).
   rC:        It protects you from cold.
   MP:        It affects your magic capacity (+9).
 C - an amulet of the acrobat (around mantle)
 E - a ring of magical power (on tentacle)
Wands
 s - a wand of mindburst (26)
 w - a wand of charming (10)
 x - a wand of iceblast (7)
 D - a wand of acid (6)
Scrolls
 j - 2 scrolls of fear
 k - 3 scrolls of blinking
 n - 3 scrolls of enchant armour
 A - a scroll of noise
Potions
 a - 5 potions of curing
 c - 7 potions of heal wounds
 g - a potion of haste
 l - 3 potions of cancellation
 r - 4 potions of brilliance
 t - 2 potions of attraction
 z - 2 potions of degeneration
 B - 3 potions of might
 G - a potion of berserk rage {unknown}
 H - a potion of resistance {unknown}


   Skills:
 + Level 2.0 Fighting
 + Level 3.0 Short Blades
 + Level 3.3 Dodging
 + Level 7.7 Stealth
 + Level 8.8 Spellcasting
 + Level 7.1 Conjurations
 + Level 0.6 Hexes
 + Level 9.0 Fire Magic
 + Level 0.4 Evocations


You had 13 spell levels left.
You knew the following spells:

 Your Spells              Type           Power      Damage    Failure   Level
a - Foxfire               Conj/Fire      100%       2x1d9     1%          1
b - Conjure Flame         Conj/Fire      72%        6-21      1%          3
c - Inner Flame           Hex/Fire       56%        N/A       1%          3
d - Flame Wave            Conj/Fire      72%        2d11      1%          4
e - Scorch                Fire           100%       2d10      1%          2

Your spell library contained the following spells:

 Spells                   Type           Power      Damage    Failure   Level
 Pain                     Necr           48%        1d6       4%          1
 Corpse Rot               Necr/Air       24%        N/A       7%          2
 Poisonous Vapours        Pois/Air       24%        N/A       7%          2
 Agony                    Necr           12%        N/A       77%         5
 Excruciating Wounds      Necr           6%         N/A       77%         5


Dungeon Overview and Level Annotations

Branches:
Dungeon (9/15)             Temple (1/1) D:6
   Lair: D:8-11         Orc: D:9-12

Altars:
Ashenzari
Cheibriados
Dithmenos
Fedhas
Hepliaklqana
Kikubaaqudgha
Makhleb
Nemelex Xobeh
Okawaru
Sif Muna
Trog
Uskayaw
Vehumet
Wu Jian
Xom
Yredelemnul
Zin

Shops:
D:1 *   D:3 (   D:7 !


Innate Abilities, Weirdness & Mutations

You cannot wear most types of armour.
You are amphibious.
You can wear up to eight rings at the same time.
Your skin changes colour to match your surroundings (Stealth+).
Your rubbery body absorbs attacks. (AC +1, EV +1)
((You are camouflaged when in or above water. (Stealth+)))
You have tentacles for arms and can constrict up to eight enemies at once.
You are agile. (Dex +2)
Your muscles are strong. (Str +2)


Message History

Okay, then.
Unknown command.
Unknown command.
Casting: Foxfire (safe; 1% risk of failure)
Confirm with . or Enter, or press ? or * to list all spells.
You feel a surge of power!
Flames lash the hornet.
The hornet is heavily wounded.
The hornet's fire resistance burns away.
The hornet misses you.
Casting: Scorch (safe; 1% risk of failure)
Confirm with . or Enter, or press ? or * to list all spells.
You feel a surge of power!
Flames lash the hornet.
The hornet is burned terribly!
The hornet is severely wounded.
The hornet stings you!
You feel yourself slow down. The hornet stings you.
You are poisoned.
You feel as though you will be slow longer.
Casting: Scorch (safe; 1% risk of failure)
Confirm with . or Enter, or press ? or * to list all spells.
You feel a surge of power!
Flames lash the hornet.
The hornet is burned terribly!
The hornet is almost dead.
You feel very sick. The hornet closely misses you. The hornet stings you!
You suddenly lose the ability to move!
You feel sick. The hornet stings you.
You feel as though you will be slow longer.
The hornet stings you.
You feel as though you will be slow longer.
You feel sick. The hornet stings you!
* * * LOW HITPOINT WARNING * * *
You are more poisoned.
You feel as though you will be slow longer.
You can move again.
Aiming: Iceblast
Press: ? - help, Shift-Dir - straight line The mass of ice explodes!
The iceblast engulfs the hornet!
You kill the hornet!
Sif Muna accepts your kill.
You die...

#########..#######...
........................
........................
....(.................##
......................#
......................#
......................#
......................##
.......@................
......†.................
.........#########..####
.........# #..# #
.........# #..# #
.........# #..# #
.........# #.. #
.........# # #


There were no monsters in sight!

Vanquished Creatures
  A two-headed ogre (D:8)
  Joseph (D:7)
  A hornet (D:9)
  Prince Ribbit (D:7)
  2 wyverns (D:8)
  8 yaks (D:8)
  A wraith (D:9)
  A steam dragon (D:8)
  2 swamp worms (D:7)
  A water moccasin (D:7)
  An ice beast (D:5)
  An orc warrior (D:8)
  A sky beast (D:6)
  A necrophage (D:8)
  2 ogres (D:5)
  2 centaurs
  2 phantoms
  3 kobold brigands
  A bullfrog (D:7)
  A gnoll sergeant (D:7)
  A scorpion (D:6)
  A water moccasin zombie (D:3)
  4 killer bees (D:9)
  8 wights
  A howler monkey (D:5)
  A bullfrog zombie (D:5)
  4 orc priests
  3 centaur zombies (D:9)
  2 hounds (D:6)
  4 jellies
  A bullfrog skeleton (D:4)
  A centaur skeleton (D:4)
  An iguana (D:6)
  8 orc wizards
  2 killer bee zombies
  19 gnolls
  6 adders
  A shadow imp (D:8)
  2 white imps
  4 dart slugs
  28 orcs
  10 ball pythons
  6 endoplasms
  5 giant cockroaches
  4 goblins
  9 hobgoblins
  7 jackals
  21 kobolds
  3 quokkas
  5 bats
  3 frilled lizards (D:1)
  5 rats
214 creatures vanquished.

Vanquished Creatures (collateral kills)
  A foxfire (D:7)
1 creature vanquished.

Vanquished Creatures (others)
  692 foxfires
  3 plants (D:7)
695 creatures vanquished.

Grand Total: 910 creatures vanquished

Notes
Turn   | Place    | Note
-------+----------+-------------------------------------------
     0 | D:1      | Conn the Octopode Fire Elementalist began the quest for the
                  | Orb.
     0 | D:1      | Reached XP level 1. HP: 11/11 MP: 3/3
     9 | D:1      | You fall into a shaft and drop 1 floor!
   204 | D:2      | Reached XP level 2. HP: 17/17 MP: 0/5
   611 | D:1      | Reached XP level 3. HP: 21/21 MP: 0/6
   858 | D:1      | Found Deeroenn's Assorted Antiques.
  1094 | D:1      | Found a faded altar of an unknown god.
  1707 | D:3      | Found Ziut's Antique Weapon Shoppe.
  1752 | D:3      | Found a burning altar of Makhleb.
  1752 | D:3      | Noticed a green death
  1877 | D:3      | Reached XP level 4. HP: 27/27 MP: 4/7
  1883 | D:3      | Reached skill level 4 in Fire Magic
  1905 | D:3      | Reached XP level 5. HP: 21/31 MP: 1/9
  2757 | D:1      | Bought a moonstone ring for 100 gold pieces
  3022 | D:4      | Noticed a phantom
  3032 | D:4      | Killed a phantom
  3033 | D:4      | Reached XP level 6. HP: 37/37 MP: 4/11
  3163 | D:4      | Reached XP level 7. HP: 39/42 MP: 8/12
  3470 | D:4      | Reached skill level 1 in Short Blades
  3634 | D:4      | Identified the ring "Ypeng" {rC+ MP+9 Str+3 Slay+3}
  3641 | D:4      | Learned a level 3 spell: Conjure Flame
  3645 | D:4      | Learned a level 3 spell: Inner Flame
  3650 | D:4      | Learned a level 4 spell: Flame Wave
  3653 | D:4      | Learned a level 2 spell: Scorch
  3815 | D:5      | Entered Level 5 of the Dungeon
  3923 | D:5      | Reached skill level 1 in Fighting
  3923 | D:5      | Reached skill level 5 in Stealth
  3923 | D:5      | Reached skill level 5 in Fire Magic
  4173 | D:5      | Reached XP level 8. HP: 48/48 MP: 15/15
  4418 | D:6      | Reached skill level 5 in Spellcasting
  4578 | D:6      | Reached skill level 6 in Fire Magic
  4633 | D:6      | Identified the +2 hand axe "Lummyute" {freeze, Str+3}
  4822 | D:6      | Found a staircase to the Ecumenical Temple.
  4829 | Temple   | Entered the Ecumenical Temple
  4858 | Temple   | Became a worshipper of Sif Muna the Loreminder
  5156 | D:6      | Reached skill level 5 in Conjurations
  5166 | D:6      | Reached XP level 9. HP: 54/54 MP: 8/17
  5423 | D:7      | Noticed Prince Ribbit
  5429 | D:7      | Killed Prince Ribbit
  5433 | D:7      | Noticed Joseph
  5452 | D:7      | Killed Joseph
  5453 | D:7      | Reached skill level 7 in Fire Magic
  5750 | D:7      | Reached * piety under Sif Muna
  5751 | D:7      | Found Rinkaug's Distillery.
  5785 | D:7      | Gained mutation: You are frail. (-10% HP) [potion of
                  | mutation]
  5785 | D:7      | Gained mutation: You occasionally shout uncontrollably at
                  | your foes. [potion of mutation]
  5786 | D:7      | Lost mutation: You are frail. (-10% HP) [potion of
                  | mutation]
  5786 | D:7      | Lost mutation: You occasionally shout uncontrollably at
                  | your foes. [potion of mutation]
  5786 | D:7      | Gained mutation: You are agile. (Dex +2) [potion of
                  | mutation]
  5786 | D:7      | Gained mutation: Your muscles are strong. (Str +2) [potion
                  | of mutation]
  6194 | D:7      | Reached skill level 8 in Fire Magic
  6509 | D:8      | Reached XP level 10. HP: 60/60 MP: 21/21
  7078 | D:8      | Noticed a two-headed ogre
  7082 | D:8      | Killed a two-headed ogre
  7121 | D:8      | Reached ** piety under Sif Muna
  7745 | D:9      | Reached skill level 9 in Fire Magic
  8069 | D:9      | Paralysed by a hornet for 3 turns
  8072 | D:9      | Succumbed to a hornet's poison

Illustrated notes

Levels and vault maps discovered:
D:1:      onia_arrival_mini_spirals, layout_rooms,
          shapermc_ecumenical_altar_hornbeckon, serial_shops, shop_fountains,
          chequers_serial_rivers_room_b, minmay_misc_feat_five
D:2:      layout_loops_ring
D:3:      minmay_chambers_of_threes, layout_basic, makhleb_altar_promises_db,
          serial_shops, nicolae_shop_advertising_works
          [nicolae_subvault_shop_adworks], minmay_large_rounded_square
D:4:      layout_rooms, serial_bayou_pond_a, kennysheep_generic_room_14
D:5:      layout_basic
D:6:      layout_basic, minmay_temple_entry_overgrown
D:7:      layout_basic, serial_shops, shop, worms_lemuel, uniq_joseph,
          uniq_prince_ribbit1
D:8:      layout_loops_corners
D:9:      layout_small_grid, lair_entry_dummy, erik_orc_3
Temple:   nicolae_temple_the_god_donut

Skill      XL: |  1  2  3  4  5  6  7  8  9 10 |
---------------+-------------------------------+-----
Stealth        | 3 4 5 6 7 |  7.7
Fire Magic     | 4 5 6 8 9 |  9.0
Spellcasting   | 3 4 5 7 8 |  8.8
Conjurations   | 2 4 5 6 7 |  7.1
Short Blades   | 1 2 3 |  3.0
Fighting       | 1 2 |  2.0
Dodging        | 3 |  3.3
Hexes          | |  0.6
Evocations     | |  0.4

Action                   |  1- 3 |  4- 6 |  7- 9 | 10-12 || total
-------------------------+-------+-------+-------+-------++-------
Melee: Unarmed           |     3 |       |       |       ||     3
       Tentacles         |     3 |     7 |     5 |     3 ||    18
       Dagger            |     7 |    36 |    29 |    21 ||    93
       Constrict         |     2 |    10 |     6 |     1 ||    19
 Cast: Foxfire           |    73 |    57 |   235 |    40 ||   405
       Scorch            |       |       |     3 |    20 ||    23
       Inner Flame       |       |       |     2 |       ||     2
       Flame Wave        |       |       |     1 |     5 ||     6
       Conjure Flame     |       |       |       |     2 ||     2
Evoke: Wand              |       |       |     3 |     1 ||     4
  Use: Scroll            |       |     7 |     4 |     4 ||    15
       Potion            |       |     1 |     5 |       ||     6
 Stab: Sleeping          |     4 |     4 |     8 |     8 ||    24
       Distracted        |       |       |     2 |       ||     2
Armor: Skin              |       |     1 |     2 |     2 ||     5
Dodge: Dodged            |    12 |    29 |    26 |    20 ||    87

Table legend: (Time is in decaauts)
 A = Elapsed time spent in this place.
 B = Non-inter-level travel time spent in this place.
 C = Inter-level travel time spent in this place.
 D = Time resting spent in this place.
 E = Time spent auto-exploring this place.
 F = Levels seen in this place.
 G = Mean time per level.
                   A        B        C        D        E       F      G
               +--------+--------+--------+--------+--------+-----+--------+
         Total |   8066 |   7933 |    133 |    171 |   5532 |  10 |  806.6 |
       Dungeon |   8011 |   7901 |    110 |    171 |   5516 |   9 |  890.1 |
        Temple |     54 |     31 |     23 |      0 |     16 |   1 |   54.0 |
               +--------+--------+--------+--------+--------+-----+--------+

Top non-repeatable levels by time:
     D:8: 1176 daAuts
     D:3: 1140 daAuts
     D:4: 1033 daAuts
     D:7: 1010 daAuts
     D:1: 965 daAuts
     D:6: 801 daAuts
     D:5: 709 daAuts
     D:2: 674 daAuts
     D:9: 500 daAuts
  Temple: 54 daAuts
